 Dungeon Crawl Stone Soup version 0.31-a0-1074-g0b22e4e0f1 (webtiles) character file.

Game seed: 830152227682467751

1775 Hubris850 the Ruffian (level 9, -1/67 HPs)
             Began as a Gnoll Shapeshifter on Nov 30, 2023.
             Was an Initiate of Nemelex Xobeh.
             Slain by Prince Ribbit (4 damage)
             ... on level 7 of the Dungeon.
             The game lasted 00:14:53 (6456 turns).

Hubris850 the Ruffian (Gnoll Shapeshifter)          Turns: 6456, Time: 00:14:53

Health: -1/67      AC: 11    Str: 17    XL:     9   Next: 8%
Magic:  23/23      EV: 11    Int: 11    God:    Nemelex Xobeh [......]
Gold:   352        SH:  0    Dex: 11    Spells: 15/15 levels left

rFire   . . .        K - +2 quarterstaff (chaos)
rCold   . . .        (shield currently unavailable)
rNeg    . . .        k - +0 plate armour
rPois   .            u - melded +0 helmet
rElec   .            L - melded +0 cloak
rCorr   .            (gloves currently unavailable)
SInv    .            (boots currently unavailable)
Will    .....        (no amulet) Stlth
                     p - ring of magical power
HPRegen 0.31/turn    H - +5 ring of evasion
MPRegen 0.18/turn

%: no passive effects
@: beast-form
A: beast (slay +4), fangs 1, strong nose, distributed training
a: Begin Untransformation, Renounce Religion, Draw Escape, Draw Destruction,
Draw Summoning


You were on level 7 of the Dungeon.
You worshipped Nemelex Xobeh.
Nemelex Xobeh was noncommittal.
You were a hulking beast.
You visited 2 branches of the dungeon, and saw 8 of its levels.

You collected 352 gold pieces.

Inventory:

Hand Weapons
 f - a +1 dagger of venom
 o - a +2 heavy hand axe
 D - a +5 war axe
 K - a +2 quarterstaff of chaos (weapon)
Missiles
 l - 6 boomerangs (quivered)
 I - 4 poisoned darts
Armour
 a - a +0 animal skin
 k - a +0 plate armour (worn)
 t - a +2 robe
 u - a +0 helmet (melded)
 y - a scarf of harm
 E - an orb of light
 L - a +0 cloak (melded)
Jewellery
 p - a ring of magical power (left hand)
 F - a ring of fire
 H - a +5 ring of evasion (right hand)
 N - a ring of protection from cold
 P - a ring of fire
Talismans
 c - a beast talisman (active)
 d - a flux talisman
Wands
 v - a wand of charming (12)
 x - a wand of iceblast (3)
 G - a wand of polymorph (28)
Scrolls
 e - a scroll of immolation {unknown}
 h - 4 scrolls of identify {unknown}
 j - 3 scrolls of teleportation {unknown}
 m - 3 scrolls of amnesia {unknown}
 n - a scroll of fear {unknown}
 r - a scroll of poison {unknown}
 s - a scroll of enchant armour {unknown}
 B - a scroll of vulnerability {unknown}
 C - a scroll of butterflies {unknown}
 J - a scroll of fog {unknown}
 M - a scroll of acquirement {unknown}
 O - a scroll of silence {unknown}
Potions
 b - a potion of lignification
 g - 2 potions of enlightenment {unknown}
 i - a potion of attraction {unknown}
 q - 2 potions of might {unknown}
 w - 3 potions of heal wounds {unknown}
 z - 5 potions of curing {unknown}
 A - 2 potions of brilliance {unknown}


   Skills:
 + Level 4.8 Fighting
 + Level 3.9 Short Blades
 + Level 3.9 Long Blades
 + Level 3.9 Axes
 + Level 3.9 Maces & Flails
 + Level 3.9 Polearms
 + Level 3.9 Staves
 + Level 3.9 Ranged Weapons
 + Level 3.9 Throwing
 + Level 3.9 Armour
 + Level 6.1 Dodging
 + Level 3.9 Stealth
 + Level 3.9 Shields
 + Level 7.7 Unarmed Combat
 + Level 3.9 Spellcasting
 + Level 3.2 Conjurations
 + Level 3.2 Hexes
 + Level 3.2 Summonings
 + Level 3.2 Necromancy
 + Level 3.2 Translocations
 + Level 3.2 Transmutations
 + Level 3.2 Fire Magic
 + Level 3.2 Ice Magic
 + Level 3.2 Air Magic
 + Level 3.2 Earth Magic
 + Level 3.2 Poison Magic
 + Level 4.3 Invocations
 + Level 3.9 Evocations
 + Level 7.5 Shapeshifting


You had 15 spell levels left.
You didn't know any spells.
Your spell library contained the following spells:

 Spells                   Type           Power      Damage    Failure   Level
 Apportation              Tloc           18%        N/A       96%         1
 Magic Dart               Conj           36%        1d4       96%         1
 Necrotise                Necr           36%        1d5       96%         1
 Summon Small Mammal      Summ           36%        N/A       96%         1
 Call Imp                 Summ           18%        N/A       99%         2
 Call Canine Familiar     Summ           9%         N/A       100%        3
 Inner Flame              Hex/Fire       9%         N/A       100%        3
 Mephitic Cloud           Conj/Pois/Air  9%         N/A       100%        3
 Sigil of Binding         Hex            9%         N/A       100%        3
 Dimensional Bullseye     Hex/Tloc       4%         N/A       100%        4
 Flame Wave               Conj/Fire      9%         2d6       100%        4
 Leda's Liquefaction      Hex/Erth       4%         N/A       100%        4
 Sticky Flame             Conj/Fire      9%         2d3       100%        4


Dungeon Overview and Level Annotations

Branches:
Dungeon (7/15)             Temple (1/1) D:6

Altars:
Ashenzari
Cheibriados
Dithmenos
Fedhas
Gozag
Hepliaklqana
Kikubaaqudgha
Makhleb
Nemelex Xobeh
Okawaru
Qazlal
Ru
Sif Muna
Trog
Uskayaw
Vehumet
Wu Jian
Xom
Yredelemnul
Zin
The Shining One

Shops:
D:4 :

Annotations:
D:7 exclusion: 2 centaurs, Prince Ribbit


Innate Abilities, Weirdness & Mutations

You are a hulking beast.
Your limbs bulge with bestial killing power. (Slay +4)
You have very sharp teeth.
Your uncanny sense of smell can sniff out nearby items.
Your experience applies equally to all skills.


Message History

The orc wizard casts a spell at you. The magic dart hits you.
Prince Ribbit misses you.
You thump the orc wizard!
You kill the orc wizard!
Prince Ribbit hits you!
You barely miss Prince Ribbit. Prince Ribbit hits you!
Prince Ribbit blinks!
You are too injured to fight recklessly!
Throw: 7 boomerangs
Press: ? - help, Q - select action, (/) - cycle Shift-Dir - straight line, f - Prince Ribbit
Aim: Prince Ribbit (41% to hit)
You throw a boomerang. The boomerang misses Prince Ribbit.
Unknown command.
Throw: 7 boomerangs
Press: ? - help, Q - select action, (/) - cycle Shift-Dir - straight line, f/p - Prince Ribbit
Aim: Prince Ribbit (41% to hit)
You throw a boomerang.
The boomerang barely misses Prince Ribbit.
Unknown command.
You sock Prince Ribbit!
Prince Ribbit is lightly wounded.
Prince Ribbit hits you!
* * * LOW HITPOINT WARNING * * *
You sock Prince Ribbit!
Prince Ribbit seems to speed up.
Prince Ribbit is moderately wounded.
Prince Ribbit blinks!
Prince Ribbit completely misses you. Prince Ribbit barely misses you.
Prince Ribbit asks, "Just a little smooch?"
Prince Ribbit attacks as he pursues you!
Prince Ribbit hits you.
* * * LOW HITPOINT WARNING * * *
Prince Ribbit hits you!
* * * LOW HITPOINT WARNING * * *
Things that are here:
a +0 dagger; a +0 robe
Okay, then.
You barely miss Prince Ribbit. You bite Prince Ribbit.
Prince Ribbit is moderately wounded.
Prince Ribbit hits you.
You die...
Your body disappears without a glow.

#...... ..........
#.....# .........
##...## ......... #..#
#....# .........
#..#._.#....#
....?...####..#...#.#...
.........##...##.##.....
...............#.#..#...
.......h.....#.#.#..)###
..#....F....#..#.#.).#
............#..#'#..##
...........##.......#
....................#
##........#.........#
#........###...>.[..#
###..%..###......#..#
#..#### ##...#.####


You could see Prince Ribbit (fast).

Vanquished Creatures
  Sigmund (D:3)
  A wraith (D:6)
  Duvessa (D:6)
  An ogre (D:5)
  2 black bears (D:7)
  A centaur (D:7)
  6 wights
  Dowan (D:6)
  A jelly (D:7)
  Crazy Yiuf (D:5)
  2 gnoll boudas
  2 hounds
  3 iguanas
  4 orc wizards
  A sleepcap (D:7)
  Robin (D:4)
  8 adders
  6 gnolls
  2 ufetubi (D:6)
  4 worms
  3 dart slugs
  13 orcs
  4 bats
  10 endoplasms
  4 giant cockroaches
  7 hobgoblins
  6 jackals
  5 kobolds
  3 quokkas
  9 ball pythons
  5 frilled lizards
  14 goblins
  3 rats
135 creatures vanquished.

Notes
Turn   | Place    | Note
-------+----------+-------------------------------------------
     0 | D:1      | Hubris850 the Gnoll Shapeshifter began the quest for the
                  | Orb.
     0 | D:1      | Reached XP level 1. HP: 17/17 MP: 1/1
   135 | D:1      | Reached XP level 2. HP: 23/23 MP: 2/2
   578 | D:1      | Reached XP level 3. HP: 28/28 MP: 3/3
  1044 | D:2      | Reached skill level 1 in Invocations
  1218 | D:2      | Reached skill level 1 in Short Blades
  1218 | D:2      | Reached skill level 1 in Long Blades
  1218 | D:2      | Reached skill level 1 in Axes
  1218 | D:2      | Reached skill level 1 in Maces & Flails
  1218 | D:2      | Reached skill level 1 in Polearms
  1218 | D:2      | Reached skill level 1 in Staves
  1218 | D:2      | Reached skill level 1 in Ranged Weapons
  1218 | D:2      | Reached skill level 1 in Throwing
  1218 | D:2      | Reached skill level 1 in Armour
  1218 | D:2      | Reached skill level 1 in Stealth
  1218 | D:2      | Reached skill level 1 in Shields
  1218 | D:2      | Reached skill level 1 in Spellcasting
  1218 | D:2      | Reached skill level 1 in Evocations
  1696 | D:2      | Reached XP level 4. HP: 34/34 MP: 5/5
  2088 | D:3      | Reached skill level 1 in Conjurations
  2088 | D:3      | Reached skill level 1 in Hexes
  2088 | D:3      | Reached skill level 1 in Summonings
  2088 | D:3      | Reached skill level 1 in Necromancy
  2088 | D:3      | Reached skill level 1 in Translocations
  2088 | D:3      | Reached skill level 1 in Transmutations
  2088 | D:3      | Reached skill level 1 in Fire Magic
  2088 | D:3      | Reached skill level 1 in Ice Magic
  2088 | D:3      | Reached skill level 1 in Air Magic
  2088 | D:3      | Reached skill level 1 in Earth Magic
  2088 | D:3      | Reached skill level 1 in Poison Magic
  2504 | D:3      | Noticed Sigmund
  2527 | D:3      | Killed Sigmund
  2528 | D:3      | Reached XP level 5. HP: 33/41 MP: 5/7
  2528 | D:3      | Reached XP level 6. HP: 38/47 MP: 5/8
  2734 | D:4      | Noticed Robin
  2750 | D:4      | Reached skill level 5 in Dodging
  2764 | D:4      | Killed Robin
  2894 | D:4      | Found Heumpire's Book Emporium.
  3517 | D:5      | Entered Level 5 of the Dungeon
  3534 | D:4      | Reached XP level 7. HP: 19/52 MP: 10/10
  4698 | D:5      | Found a runed translucent door.
  4699 | D:5      | Noticed Crazy Yiuf
  4708 | D:5      | Killed Crazy Yiuf
  4709 | D:5      | Reached XP level 8. HP: 44/60 MP: 12/12
  4896 | D:6      | Noticed Duvessa
  4896 | D:6      | Noticed Dowan
  4901 | D:6      | Killed Duvessa
  4910 | D:6      | Killed Dowan
  5522 | D:6      | Noticed a wraith
  5532 | D:6      | Killed a wraith
  5802 | D:6      | Found a staircase to the Ecumenical Temple.
  5809 | Temple   | Entered the Ecumenical Temple
  5819 | Temple   | Became a worshipper of Nemelex Xobeh the Trickster
  6245 | D:7      | Found an ornate altar of the Wu Jian Council.
  6288 | D:7      | Reached XP level 9. HP: 24/66 MP: 14/14
  6427 | D:7      | Found a blossoming altar of Fedhas.
  6443 | D:7      | Noticed Prince Ribbit
  6455 | D:7      | HP: 2/67 [Prince Ribbit (11)]
  6456 | D:7      | Slain by Prince Ribbit

Illustrated notes

Levels and vault maps discovered:
D:1:      dpeg_arrival_windows_large_door, layout_loops_ring, minmay_cut_off
D:2:      layout_basic
D:3:      layout_loops_ring, nicolae_underground_beach, uniq_sigmund
D:4:      layout_basic, serial_shops, shop, uniq_robin
D:5:      layout_loops_ring, grunt_ministairs_6, uniq_crazy_yiuf_cottage
D:6:      layout_cave_pods, minmay_temple_entry_nine_rooms, minmay_misc_feat_x,
          uniq_duvessa
D:7:      statuecave_lemuel, layout_cave_pools, nzn_wu_jian_council_hall,
          mainiacjoe_overflow_surrounded_room, centaur_isle,
          uniq_prince_ribbit1, uniq_pikel
Temple:   hellmonk_temple_of_storms

Skill      XL: |  1  2  3  4  5  6  7  8 |
---------------+-------------------------+-----
Invocations    | 1 2 3 4 |  4.3
Short Blades   | 1 2 3 |  3.9
Long Blades    | 1 2 3 |  3.9
Axes           | 1 2 3 |  3.9
Maces & Flails | 1 2 3 |  3.9
Polearms       | 1 2 3 |  3.9
Staves         | 1 2 3 |  3.9
Ranged Weapons | 1 2 3 |  3.9
Throwing       | 1 2 3 |  3.9
Armour         | 1 2 3 |  3.9
Stealth        | 1 2 3 |  3.9
Shields        | 1 2 3 |  3.9
Spellcasting   | 1 2 3 |  3.9
Evocations     | 1 2 3 |  3.9
Conjurations   | 1 2 3 |  3.2
Hexes          | 1 2 3 |  3.2
Summonings     | 1 2 3 |  3.2
Necromancy     | 1 2 3 |  3.2
Translocations | 1 2 3 |  3.2
Transmutations | 1 2 3 |  3.2
Fire Magic     | 1 2 3 |  3.2
Ice Magic      | 1 2 3 |  3.2
Air Magic      | 1 2 3 |  3.2
Earth Magic    | 1 2 3 |  3.2
Poison Magic   | 1 2 3 |  3.2
Fighting       | 3 4 |  4.8
Dodging        | 5 6 |  6.1
Unarmed Combat | 7 |  7.7
Shapeshifting  | 7 |  7.5

Action                     |  1- 3 |  4- 6 |  7- 9 || total
---------------------------+-------+-------+-------++-------
  Melee: Unarmed           |    41 |   117 |    69 ||   227
         Dagger            |    42 |       |       ||    42
         Bite              |     4 |    13 |    16 ||    33
         Punch             |     1 |     1 |     6 ||     8
         Quarterstaff      |       |       |    76 ||    76
  Throw: Boomerang         |       |    16 |    23 ||    39
Ability: Begin Untransform |       |       |     1 ||     1
    Use: Potion            |       |     1 |       ||     1
 Armour: Animal skin       |    14 |       |       ||    14
         Plate armour      |    25 |    84 |   164 ||   273
         Skin              |       |     4 |       ||     4
  Dodge: Dodged            |    37 |    31 |    94 ||   162
   Form: Beast             |       |       |     1 ||     1

Table legend: (Time is in decaauts)
 A = Elapsed time spent in this place.
 B = Non-inter-level travel time spent in this place.
 C = Inter-level travel time spent in this place.
 D = Time resting spent in this place.
 E = Time spent auto-exploring this place.
 F = Levels seen in this place.
 G = Mean time per level.
                   A        B        C        D        E       F      G
               +--------+--------+--------+--------+--------+-----+--------+
         Total |   6447 |   6177 |    270 |    734 |   4596 |   8 |  805.9 |
       Dungeon |   6428 |   6167 |    261 |    734 |   4596 |   7 |  918.3 |
        Temple |     19 |     10 |      9 |      0 |      0 |   1 |   19.0 |
               +--------+--------+--------+--------+--------+-----+--------+

Top non-repeatable levels by time:
     D:6: 1154 daAuts
     D:5: 1093 daAuts
     D:4: 1076 daAuts
     D:2: 942 daAuts
     D:3: 891 daAuts
     D:1: 861 daAuts
     D:7: 407 daAuts
  Temple: 19 daAuts
